 Dungeon Crawl Stone Soup version 0.32-a0-391-gce5c0aab1b (webtiles) character file.

Game seed: 4598107941247896388

87650 cforsyth the Warrior (level 15, -5/125 HPs)
             Began as a Coglin Gladiator on Feb 20, 2024.
             Was the Champion of Hepliaklqana.
             Slain by a two-headed ogre
             ... wielding a +0 giant club
              (16 damage)
             ... on level 2 of the Orcish Mines.
             The game lasted 00:43:16 (24025 turns).

cforsyth the Warrior (Coglin Gladiator)            Turns: 24025, Time: 00:43:16

Health: -5/125     AC: 22    Str: 14    XL:     15   Next: 91%
Magic:  5/5        EV:  9    Int:  9    God:    Hepliaklqana [******]
Gold:   2394       SH:  0    Dex: 25    Spells: 14/14 levels left

rFire   + + .        a - +6 double sword of the Lesser Evil {antimagic, rElec rF++ rC- Dex+3}
rCold   x . .        l - +9 sword of Zonguldrok {reap}
rNeg    . . .        r - +0 plate armour
rPois   .            c - +0 helmet
rElec   +            t - +2 cloak
rCorr   .            P - +3 pair of gauntlets of War {Slay+5}
SInv    .            (no boots)
Will    +....        (no amulet) Stlth
                     (no ring)
HPRegen 0.40/turn    (no ring)
MPRegen 0.09/turn

%: no passive effects
@: revving
A: reduced essence, off-hand wielding, slow wielding, warmup strikes, warmup
strides
a: Renounce Religion, Recall Ancestor, Ancestor Identity, Transference, Idealise


You were on level 2 of the Orcish Mines.
You worshipped Hepliaklqana.
Hepliaklqana was exalted by your worship.
You visited 4 branches of the dungeon, and saw 20 of its levels.
You also visited: Sewer and Bailey.

You collected 2394 gold pieces.


Innate Abilities, Weirdness & Mutations

Your life essence is reduced to manifest your ancestor. (-10% HP)
You can wield a second weapon in your off-hand.
It takes a long time for you to wield or remove held weapons.
Your first few attacks do less damage.
Your first movements take longer.


   Skills:
 + Level 19.1 Fighting
 - Level 16.0 Long Blades
 - Level 1.7 Throwing
 - Level 7.0 Armour
 - Level 10.9 Dodging


You had 14 spell levels left.
You didn't know any spells.
Your spell library contained the following spells:

 Spells                   Type           Power      Damage    Failure   Level
 Apportation              Tloc           0%         N/A       100%        1
 Magic Dart               Conj           0%         1d3       100%        1
 Necrotise                Necr           0%         1d4       100%        1
 Ensorcelled Hibernation  Hex/Ice        0%         N/A       100%        2
 Jinxbite                 Hex            0%         N/A       100%        2
 Searing Ray              Conj           0%         2d4       100%        2
 Dazzling Flash           Conj/Hex       0%         N/A       100%        3
 Fugue of the Fallen      Necr           0%         N/A       100%        3
 Inner Flame              Hex/Fire       0%         N/A       100%        3
 Mephitic Cloud           Conj/Alch/Air  0%         N/A       100%        3
 Ozocubu's Armour         Ice            0%         N/A       100%        3
 Passwall                 Erth           0%         N/A       100%        3
 Swiftness                Air            0%         N/A       100%        3
 Vampiric Draining        Necr           0%         2d6       100%        3
 Volatile Blastmotes      Fire/Tloc      0%         2d10      100%        3
 Fulminant Prism          Conj/Alch      0%         3d5       100%        4
 Manifold Assault         Tloc           0%         N/A       100%        4
 Martyr's Knell           Necr/Summ      0%         N/A       100%        4
 Alistair's Intoxication  Alch           0%         N/A       100%        5
 Curse of Agony           Necr           0%         N/A       100%        5
 Irradiate                Conj/Alch      0%         3d11      100%        5
 Silence                  Hex/Air        0%         N/A       100%        5
 Starburst                Conj/Fire      0%         6d3       100%        6
 Ignition                 Fire           0%         3d3       100%        8
 Maxwell's Capacitive Co  Air            0%         ∞         100%        8

Inventory:

Hand Weapons
 a - the +6 double sword of the Lesser Evil (weapon) {antimagic, rElec rF++ rC- Dex+3}
   (You acquired it on level 6 of the Dungeon)

   Dex+3:     It affects your dexterity (+3).
   rF++:      It greatly protects you from fire.
   rC-:       It makes you vulnerable to cold.
   rElec:     It insulates you from electricity.
 h - the +1 dagger "Doyhoan" {speed, rF+ Will+ Str-3}
   (You acquired it on level 3 of the Dungeon)

   Str-3:     It affects your strength (-3).
   rF+:       It protects you from fire.
   Will+:     It increases your willpower.
 l - the +9 sword of Zonguldrok (worn) {reap}
   (You found it on level 12 of the Dungeon)
Missiles
 e - 4 javelins
 v - 3 throwing nets (quivered) {=f}
 O - 4 silver javelins
Armour
 c - a +0 helmet (worn)
 r - a +0 plate armour (worn)
 t - a +2 cloak (worn)
 P - the +3 pair of gauntlets of War (worn) {Slay+5}
   (You acquired it on level 12 of the Dungeon)

   Slay+5:    It affects your accuracy & damage with ranged weapons and melee
   (+5).
Magical Staves
 V - a staff of death {!a}
Jewellery
 d - a +6 ring of dexterity
 s - a +6 ring of strength
 C - a ring of ice
 I - a +6 ring of intelligence
 L - a ring of flight
 M - a ring of magical power
 S - a +6 ring of strength
Wands
 y - a wand of digging (18)
 D - a wand of roots (18)
 K - a wand of flame (28)
 W - a wand of paralysis (2)
Scrolls
 f - 4 scrolls of amnesia {unknown}
 i - 3 scrolls of vulnerability {unknown}
 j - 4 scrolls of teleportation {@r2}
 k - a scroll of butterflies {unknown}
 o - 2 scrolls of brand weapon
 q - 4 scrolls of blinking {unknown}
 w - 4 scrolls of noise {unknown}
 x - 11 scrolls of enchant weapon
 z - 2 scrolls of torment {unknown}
 A - 5 scrolls of revelation
 E - 9 scrolls of enchant armour
 Q - 2 scrolls of poison
 R - a scroll of silence {unknown}
 T - a scroll of fog {unknown}
 Y - a scroll of identify {@r1}
 Z - a scroll of fear {unknown}
Potions
 b - 5 potions of haste {@q3}
 g - 5 potions of mutation
 m - 5 potions of curing {@q1}
 n - 7 potions of heal wounds {@q2}
 p - 2 potions of resistance
 u - 7 potions of magic
 B - 3 potions of ambrosia
 F - 2 potions of attraction
 G - 3 potions of might
 H - 2 potions of cancellation
 J - 2 potions of invisibility
 N - a potion of lignification
 U - 2 potions of brilliance
 X - a potion of berserk rage {unknown}

Dungeon Overview and Level Annotations

Branches:
Dungeon (12/15)            Temple (1/1) D:4            Lair (5/5) D:11
  Swamp (0/4) Lair:2       Spider (0/4) Lair:3        Slime (0/5) Lair:4
    Orc (2/2) D:11          Sewer (visited)          Bailey (visited)
    Elf: Orc:2

Altars:
Ashenzari
Cheibriados
Dithmenos
Elyvilon
Fedhas
Gozag
Hepliaklqana
Kikubaaqudgha
Makhleb
Nemelex Xobeh
Okawaru
Qazlal
Ru
Sif Muna
Trog
Uskayaw
Vehumet
Wu Jian
Xom
Yredelemnul
Zin
The Shining One
Jiyva

Shops:
D:4 (   D:12 [   Orc:2 *

Annotations:
D:6 2 transporters, cforsyth's ghost, novice DjFE
Orc:2 1 runed translucent door, Sobieck's ghost, journeyman MDFi

.......[O### ... #OO#.##
....###.O...# ...#.#O...##
......C.### ...#.#T#.### .
##......## ... #..O.....#
## #..# ##@##...## #.#
...####...##.##
...###.#.##...#.######
#...#.....#...<......##
#....#...###.##.#.....##
#........# ▒▒▒▒▒.......#
........Z# ▒.ß.▒##....##
.........## ▒$$W▒#.....###
..........##▒▒+▒▒........##


You could see 3 two-headed ogres, a deep troll, a cyclops and 2 ogres.


Message History

* * * LOW HITPOINT WARNING * * *
The two-headed ogre hits you with a +0 giant club!
* * * LOW HITPOINT WARNING * * *
Your orc zombie hits the two-headed ogre but does no damage.
The two-headed ogre hits your ogre zombie with a +0 giant club!!
The two-headed ogre hits your ogre zombie with a +0 giant club!
Your ogre zombie hits the two-headed ogre!
The cyclops hits your orc zombie!!
Your orc zombie is destroyed!
Something hits you but does no damage.
The two-headed ogre hits your ogre zombie with a +0 giant club!!
Your ogre zombie is destroyed!
The cyclops throws a large rock.
The large rock closely misses you.
Unknown command.
Unknown command.
The cyclops throws a large rock.
The large rock hits you.
* * * LOW HITPOINT WARNING * * *
Something hits you but does no damage.
The two-headed ogre attacks as it pursues you!
The two-headed ogre hits you with a +0 giant club!
* * * LOW HITPOINT WARNING * * *
The two-headed ogre closely misses you. The two-headed ogre closely misses you.
The two-headed ogre hits you with a +0 giant club!
* * * LOW HITPOINT WARNING * * *
The two-headed ogre hits you with a +0 giant club.
* * * LOW HITPOINT WARNING * * *
The two-headed ogre hits you with a +0 giant club!
You die...
Hepliaklqana delivers you to your ancestors.

Skill      XL: |  1  2  3  4  5  6  7  8  9 10 11 12 13 14 15 |
---------------+----------------------------------------------+-----
Dodging        | 3 4 5 8 9 10 | 10.9
Fighting       | 4 5 9 10 11 13 14 16 19 | 19.1
Long Blades    | 4 5 9 10 11 13 14 16 | 16.0
Armour         | 5 7 |  7.0
Throwing       | |  1.7

Action                     |  1- 3 |  4- 6 |  7- 9 | 10-12 | 13-15 || total
---------------------------+-------+-------+-------+-------+-------++-------
  Melee: Long sword        |    86 |    99 |   231 |    24 |       ||   440
         Dagger            |       |    57 |   210 |   320 |    40 ||   627
         Double sword      |       |       |       |   347 |   830 ||  1177
 Invoke: Recall Ancestor   |       |       |       |     4 |    12 ||    16
         Ancestor Life: Ba |       |       |       |     1 |       ||     1
  Evoke: Wand              |       |       |       |       |     1 ||     1
    Use: Scroll            |       |     9 |     3 |     6 |     8 ||    26
         Potion            |       |       |     1 |       |     3 ||     4
   Stab: Sleeping          |     1 |       |       |       |       ||     1
         Distracted        |       |       |       |     5 |    10 ||    15
 Armour: Leather armour    |    57 |    18 |       |       |       ||    75
         Chain mail        |       |    42 |   167 |   235 |       ||   444
         Plate armour      |       |       |       |   169 |   704 ||   873
  Dodge: Dodged            |    68 |    45 |    82 |   193 |   219 ||   607

Levels and vault maps discovered:
D:1:      dpeg_arrival_short_road, layout_rooms, chequers_serial_rivers_micro_d
D:2:      layout_loops_corners, shapermc_ecumenical_altar_gd,
          wad_woods_river_04, solitary_fountain, uniq_crazy_yiuf_cottage
D:3:      layout_basic, gup_sewer_entry_glass, chequers_serial_rivers_small_a,
          chequers_serial_rivers_large_a, uniq_grinder, uniq_jessica, uniq_robin
D:4:      layout_loops_ring, temple_doors_e, serial_shops, shop,
          minmay_door_square, corexii_checkpoint, minivault_4
D:5:      kennysheep_big_flooded_room, layout_basic
D:6:      layout_rooms, nicolae_qazlal_scattered_showers,
          lightli_temple_of_fire, grunt_dithmenos_smoke_and_mirrors,
          gammafunk_ghost_gnarly_gnolls, hellmonk_guarded_unrand_hermit
D:7:      layout_loops_ring, nzn_wu_jian_council_hall, zin_scriptorium,
          uniq_pikel
D:8:      layout_rooms, vehumet_altar_wand_db, enter_bailey_3
D:9:      layout_basic, mainiacjoe_overflow_paths
D:10:     layout_basic, mainiacjoe_overflow_surrounded_room, uniq_lodul
D:11:     layout_layer_cave, david_lair_shrubbed, david_orc_3,
          nicolae_yredelemnul_corpse_copse
D:12:     layout_roguey, serial_shops, shop, minmay_guarded_unrand_zonguldrok
Temple:   nicolae_temple_bog_church
Lair:1:   layout_cave_pods, serial_bayou_shore_a, grunt_megastairs_5
Lair:2:   layout_layer_cave, alex1729_swamp_entry_worm_eleionoma,
          beast_lair_carwin_4
Lair:3:   layout_regular_city, nicolae_spider_entry_non_spiders,
          nzn_masters_of_martial_movement, uniq_nergalle
Lair:4:   layout_cellular_growth, slime_entry_1, beast_lair_carwin_5
Lair:5:   hangedman_lair_tendril_chambers, layout_cellular_growth, wormcave,
          guppyfry_lair_drakes
Orc:1:    layout_caves, nooodl_orcs_dogs
Orc:2:    st_orc_open, layout_diamond_mine, gammafunk_ghost_grave

Notes
Turn   | Place    | Note
-------+----------+-------------------------------------------
     0 | D:1      | cforsyth the Coglin Gladiator began the quest for the Orb.
     0 | D:1      | Reached XP level 1. HP: 16/16 MP: 1/1
    21 | D:1      | Reached XP level 2. HP: 21/22 MP: 2/2
    81 | D:1      | Reached skill level 3 in Dodging
   189 | D:1      | Reached XP level 3. HP: 24/28 MP: 3/3
   752 | D:2      | Reached XP level 4. HP: 34/34 MP: 4/4
   785 | D:2      | Found a runed translucent door.
   786 | D:2      | Noticed Crazy Yiuf
   900 | D:2      | Reached skill level 3 in Fighting
   936 | D:2      | Found a faded altar of an unknown god.
  1877 | D:2      | Killed Crazy Yiuf
  2088 | D:3      | Identified a scroll of acquirement
  2091 | D:3      | Noticed Grinder
  2098 | D:3      | Found a glowing drain.
  2107 | D:3      | Acquired the +1 dagger "Doyhoan" {speed, rF+ Will+ Str-3}
  2114 | D:3      | Killed Grinder
  2115 | D:3      | Reached skill level 4 in Fighting
  2115 | D:3      | Reached skill level 4 in Long Blades
  2115 | D:3      | Reached skill level 4 in Dodging
  2115 | D:3      | Reached XP level 5. HP: 5/42 MP: 5/5
  2115 | D:3      | Reached XP level 6. HP: 6/48 MP: 6/6
  2249 | Sewer    | Entered a sewer
  2531 | Sewer    | Found a viscous altar of Jiyva.
  2601 | Sewer    | Reached skill level 5 in Long Blades
  2601 | Sewer    | Reached XP level 7. HP: 48/55 MP: 7/7
  2712 | D:3      | Noticed Jessica
  2719 | D:3      | Killed Jessica
  2816 | D:3      | Noticed Robin
  2829 | D:3      | Killed Robin
  2940 | D:3      | Identified a potion of experience
  3370 | D:4      | Reached skill level 5 in Fighting
  3415 | D:4      | Reached skill level 5 in Dodging
  3557 | D:4      | Found a staircase to the Ecumenical Temple.
  3594 | D:4      | Found Ysulah's Weapon Shoppe.
  3787 | D:4      | Reached XP level 8. HP: 57/63 MP: 8/8
  4070 | Temple   | Entered the Ecumenical Temple
  4081 | Temple   | Became a worshipper of Hepliaklqana the Forgotten
  4102 | D:5      | Entered Level 5 of the Dungeon
  4203 | D:5      | Noticed a yak
  4225 | D:5      | Reached skill level 9 in Fighting
  4225 | D:5      | Reached skill level 9 in Long Blades
  4225 | D:5      | Reached skill level 8 in Dodging
  4225 | D:5      | Reached XP level 9. HP: 76/76 MP: 9/9
  4796 | D:5      | Reached skill level 9 in Dodging
  5200 | D:6      | Found a transporter.
  5201 | D:6      | Found a transporter.
  5206 | D:6      | Identified the +5 ring mail of Gluttony {Dex+4}
  5210 | D:6      | Noticed cforsyth's ghost (novice DjFE)
  5262 | D:6      | Reached * piety under Hepliaklqana
  5354 | D:6      | Reached skill level 10 in Long Blades
  5493 | D:6      | Found a shadowy altar of Dithmenos.
  5625 | D:6      | Found a faded altar of an unknown god.
  5625 | D:6      | Found the Hermit's Pendant {Faith Invo=14 Evo=0 MP+5}
  5648 | D:6      | Killed an unseen horror
  5649 | D:6      | Reached skill level 10 in Fighting
  5649 | D:6      | Reached XP level 10. HP: 44/76 MP: 10/10
  6050 | D:6      | Found a stormy altar of Qazlal.
  6224 | D:6      | Acquired the +6 double sword of the Lesser Evil {antimagic,
                  | rElec rF++ rC- Dex+3}
  6247 | D:6      | Found a burning altar of Makhleb.
  6533 | D:7      | Noticed Pikel
  6540 | D:7      | Killed Pikel
  6616 | D:7      | Found a glowing silver altar of Zin.
  6811 | D:7      | Identified the +3 robe "Goqianad" {rElec SInv Archmagi}
  6897 | D:7      | Found an ornate altar of the Wu Jian Council.
  7029 | D:7      | Reached ** piety under Hepliaklqana
  7030 | D:7      | Remembered your ancestor Huotizys as a battlemage
  7088 | D:8      | Found a flagged portal.
  7099 | Bailey   | Entered a bailey
  7499 | Bailey   | Noticed an orc knight
  7576 | Bailey   | Killed an orc knight
  7782 | D:8      | Reached XP level 11. HP: 45/82 MP: 3/11
  8185 | D:8      | Reached skill level 10 in Dodging
  8392 | D:8      | Found a radiant altar of Vehumet.
  8392 | D:8      | Noticed a two-headed ogre
  8400 | D:8      | Killed a two-headed ogre
  8401 | D:8      | Reached skill level 11 in Long Blades
  8402 | D:8      | Reached skill level 11 in Fighting
  8404 | D:8      | Identified the ring of Otrad {Fly rPois Str+6 Dex+3}
  8508 | D:9      | Found a snail-covered altar of Cheibriados.
  9121 | D:9      | Reached *** piety under Hepliaklqana
  9153 | D:10     | Entered Level 10 of the Dungeon
  9159 | D:10     | Found a bloodstained altar of Trog.
  9393 | D:10     | Noticed Lodul
  9640 | D:10     | Killed Lodul
 10173 | D:11     | Identified the flux talisman of the Doldrums {rPois rC+
                  | Will- Str+3}
 10222 | D:11     | Noticed a purple ugly thing
 10228 | D:11     | Killed a purple ugly thing
 10284 | D:11     | Found a staircase to the Orcish Mines.
 10374 | D:11     | Reached XP level 12. HP: 76/91 MP: 4/12
 10417 | D:11     | Found a staircase to the Lair.
 10425 | D:11     | Reached skill level 1 in Armour
 10561 | D:11     | Noticed a two-headed ogre
 10565 | D:11     | Killed a two-headed ogre
 10566 | D:11     | Reached skill level 12 in Fighting
 10566 | D:11     | Reached skill level 12 in Long Blades
 10641 | D:11     | Reached skill level 2 in Armour
 11159 | D:11     | Noticed a two-headed ogre
 11164 | D:11     | Killed a two-headed ogre
 11350 | D:11     | Reached skill level 3 in Armour
 11360 | D:11     | Found a basalt altar of Yredelemnul.
 11651 | D:11     | Reached **** piety under Hepliaklqana
 12110 | D:12     | Found Somneit's Armour Shoppe.
 12229 | D:12     | Reached skill level 4 in Armour
 12246 | D:12     | Noticed a two-headed ogre
 12250 | D:12     | Killed a two-headed ogre
 12446 | D:12     | Reached skill level 13 in Long Blades
 12450 | D:12     | Reached skill level 13 in Fighting
 12592 | D:12     | Reached skill level 5 in Armour
 12596 | D:12     | Reached XP level 13. HP: 47/99 MP: 4/13
 12962 | D:12     | Found the +9 sword of Zonguldrok {reap}
 12962 | D:12     | Noticed a bone dragon
 13336 | D:12     | Acquired the +3 pair of gauntlets of War {Slay+5}
 13336 | D:12     | Found the +3 pair of gauntlets of War {Slay+5}
 13630 | D:12     | Killed a bone dragon
 13911 | Lair:1   | Entered Level 1 of the Lair of Beasts
 14005 | Lair:1   | Reached skill level 6 in Armour
 14977 | Lair:2   | Found a staircase to the Swamp.
 14977 | Lair:2   | Noticed an eleionoma
 15068 | Lair:2   | Killed an eleionoma
 15117 | Lair:2   | Reached ***** piety under Hepliaklqana
 15883 | Lair:2   | Reached skill level 14 in Fighting
 15883 | Lair:2   | Reached skill level 14 in Long Blades
 15885 | Lair:2   | Reached skill level 7 in Armour
 16206 | Lair:3   | Found a hide-covered altar of Uskayaw.
 16206 | Lair:3   | Found an ornate altar of the Wu Jian Council.
 16436 | Lair:3   | Found a hole to the Spider Nest.
 16626 | Lair:3   | Reached XP level 14. HP: 108/108 MP: 4/14
 17247 | Lair:3   | Noticed Nergalle
 17253 | Lair:3   | Killed Nergalle
 17503 | Lair:4   | Found a viscous altar of Jiyva.
 17503 | Lair:4   | Found a staircase to the Slime Pits.
 17568 | Lair:4   | Reached skill level 15 in Long Blades
 17600 | Lair:4   | Reached skill level 15 in Fighting
 17928 | Lair:4   | Identified 2 potions of resistance
 18585 | Lair:5   | Entered Level 5 of the Lair of Beasts
 19136 | Lair:5   | Reached skill level 16 in Fighting
 19136 | Lair:5   | Reached skill level 16 in Long Blades
 19324 | Lair:5   | Reached XP level 15. HP: 72/118 MP: 5/15
 19630 | Lair:5   | Reached skill level 17 in Fighting
 19795 | Lair:5   | Reached ****** piety under Hepliaklqana
 19885 | Lair:5   | Identified the +6 scale mail of Wu Jian's Castigation
                  | {-Tele rElec Str+2 Dex+3}
 21145 | Orc:1    | Entered Level 1 of the Orcish Mines
 21145 | Orc:1    | Identified a +1 robe of resistance
 21156 | D:11     | Reached skill level 18 in Fighting
 22763 | Orc:1    | You fall into a shaft and drop 1 floor!
 22763 | Orc:2    | Entered Level 2 of the Orcish Mines
 23148 | Orc:2    | Found a runed translucent door.
 23150 | Orc:2    | Noticed Sobieck's ghost (journeyman MDFi)
 23156 | Orc:2    | Noticed an orc warlord
 23391 | Orc:2    | Paralysed by an orc sorcerer for 2 turns
 23857 | Orc:1    | Killed an orc warlord
 23998 | Orc:2    | Found Hitreth's General Store.
 24013 | Orc:2    | Reached skill level 19 in Fighting
 24025 | Orc:2    | HP: 11/125 [two-headed ogre/+0 giant club (5)]
 24025 | Orc:2    | Slain by a two-headed ogre

Vanquished Creatures
  An orc warlord (Orc:1)
  An eleionoma (Lair:2)
  A fire dragon (Lair:5)
  An ettin (Orc:1)
  A boulder beetle (Lair:3)
  2 catoblepae
  8 two-headed ogres
  4 death yaks (Lair:5)
  A demonic crawler (Lair:3)
  Nergalle (Lair:3)
  Lodul (D:10)
  3 skysharks
  A lindwurm (Lair:5)
  Pikel (D:7)
  4 orc knights
  An ugly thing (D:11)
  3 wolf spider zombies (D:12)
  3 orc sorcerers
  A manticore (D:12)
  A wolf spider (Lair:5)
  An oklob plant (Lair:3)
  11 centaur zombies
  A guardian serpent (Lair:5)
  6 black mambas
  14 elephants (Lair:5)
  15 cane toads
  7 centaur skeletons (D:12)
  5 torpor snails (Lair:5)
  2 rime drakes
  6 komodo dragons
  2 unseen horrors
  8 trolls
  6 polar bears
  3 tyrant leeches (Lair:5)
  9 hornets (Lair:5)
  Grinder (D:3)
  A harpy skeleton (D:12)
  12 blink frogs
  A meliai zombie (D:11)
  2 shadows
  A vampire (D:12)
  50 yaks
  2 wraiths
  13 wyverns
  7 wargs
  3 basilisks
  3 vampire mosquitoes (D:11)
  A redback (Lair:5)
  21 water moccasins
  25 orc warriors
  An ice beast (D:7)
  2 black bears
  4 wolves (Lair:3)
  3 centaurs
  14 ogres
  A lemure (D:7)
  7 bullfrogs
  4 scorpions
  A gnoll sergeant (D:6)
  3 wights (D:8)
  15 killer bees
  A howler monkey (D:4)
  A bombardier beetle (D:4)
  10 orc priests
  5 jellies
  3 hounds
  2 sleepcaps
  A gnoll bouda (D:6)
  Crazy Yiuf (D:2)
  Jessica (D:3)
  7 iguanas
  21 orc wizards
  2 boggart zombies
  Robin (D:3)
  11 gnolls
  6 adders
  A river rat (Sewer)
  A shadow imp (D:6)
  A white imp (D:7)
  A dart slug (D:3)
  A ribbon worm (D:4)
  51 orcs
  15 endoplasms
  10 giant cockroaches
  19 goblins
  7 hobgoblins
  8 quokkas
  8 ball pythons
  7 bats
  6 frilled lizards
  8 kobolds
  11 rats
562 creatures vanquished.

Vanquished Creatures (collateral kills)
  A bone dragon (D:12)
  3 hydras (Lair:5)
  An orc knight (Orc:2)
  A wolf spider zombie (D:12)
  A cyclops (D:12)
  A black mamba (Lair:5)
  2 elephants (Lair:5)
  2 centaur zombies
  A cane toad (Lair:5)
  A centaur skeleton (D:12)
  3 komodo dragons
  2 hornets
  2 polar bears
  A harpy skeleton (D:12)
  A tyrant leech (Lair:5)
  A dream sheep (Lair:5)
  8 blink frogs
  A meliai zombie (D:11)
  A wraith (D:12)
  9 yaks
  A wyvern (Lair:5)
  A warg (Orc:1)
  A vampire mosquito (D:11)
  7 water moccasins (Lair:5)
  5 orc warriors
  An ogre (Orc:1)
  A centaur (D:10)
  A kobold brigand (D:6)
  4 bullfrogs
  A scorpion (Lair:3)
  A killer bee (D:8)
  An electric eel (Lair:1)
  5 orc priests
  6 orc wizards
  A howler monkey zombie (D:11)
  28 orcs
  2 giant cockroaches (Lair:3)
  2 goblins (D:8)
  A kobold (D:6)
113 creatures vanquished.

Vanquished Creatures (others)
  A wolf spider zombie (Lair:5)
  A death yak zombie (Lair:5)
  A catoblepas zombie (Lair:5)
  2 black mamba zombies (Lair:5)
  A cane toad zombie (Lair:4)
  A skyshark zombie (Lair:5)
  A hornet zombie (Lair:5)
  A blink frog zombie (Lair:5)
  An elephant zombie (Lair:5)
  A torpor snail zombie (Lair:5)
  3 wyvern zombies (Lair:5)
  5 water moccasin zombies (Lair:5)
  5 battlemagi
  A yak zombie (Lair:5)
  A basilisk zombie (Lair:2)
  An ancestor (D:6)
  An orc wizard (Orc:1)
  2 ogre zombies (Orc:2)
  2 orcs
  9 orc zombies
41 creatures vanquished.

Grand Total: 716 creatures vanquished

Table legend: (Time is in decaauts)
 A = Elapsed time spent in this place.
 B = Non-inter-level travel time spent in this place.
 C = Inter-level travel time spent in this place.
 D = Time resting spent in this place.
 E = Time spent auto-exploring this place.
 F = Levels seen in this place.
 G = Mean time per level.
                   A        B        C        D        E       F      G
               +--------+--------+--------+--------+--------+-----+--------+
         Total |  24459 |  23703 |    756 |   3329 |  16711 |  22 | 1111.8 |
       Dungeon |  13871 |  13301 |    570 |   1886 |   9539 |  12 | 1155.9 |
        Temple |     24 |     12 |     12 |      0 |      0 |   1 |   24.0 |
          Lair |   7343 |   7171 |    172 |    209 |   5975 |   5 | 1468.6 |
  Orcish Mines |   2077 |   2077 |      0 |    894 |    759 |   2 | 1038.5 |
         Sewer |    457 |    457 |      0 |     65 |    251 |   1 |  457.0 |
        Bailey |    685 |    685 |      0 |    275 |    187 |   1 |  685.0 |
               +--------+--------+--------+--------+--------+-----+--------+

Top non-repeatable levels by time:
    D:11: 2906 daAuts
  Lair:5: 2526 daAuts
    D:12: 1795 daAuts
   Orc:1: 1759 daAuts
  Lair:3: 1410 daAuts
     D:2: 1394 daAuts
  Lair:2: 1319 daAuts
     D:5: 1139 daAuts
  Lair:4: 1138 daAuts
     D:6: 1061 daAuts
  Lair:1: 948 daAuts
     D:9: 877 daAuts
     D:4: 847 daAuts
     D:1: 805 daAuts
     D:8: 792 daAuts

Table legend:
 A = Non-vault XP
 B = Vault XP
 C = Vault XP percentage of total XP
 D = Non-vault monster count
 E = Vault monster count
 F = Vault count percentage of total count
                 A         B        C        D         E       F
            +---------+---------+-------+---------+---------+-------
      Total |   71521 |   52495 |  42.3 |     431 |     246 |  36.3
            +---------+---------+-------+---------+---------+-------
        D:1 |      78 |       0 |   0.0 |      30 |       0 |   0.0
        D:2 |      47 |      38 |  44.7 |      15 |       1 |   6.2
        D:3 |      91 |     398 |  81.4 |      14 |      18 |  56.2
        D:4 |     357 |       6 |   1.7 |      11 |       2 |  15.4
        D:5 |    1387 |     266 |  16.1 |      28 |       2 |   6.7
        D:6 |    1039 |     362 |  25.8 |      30 |       1 |   3.2
        D:7 |    1366 |     642 |  32.0 |      29 |       1 |   3.3
        D:8 |    2250 |      13 |   0.6 |      20 |       5 |  20.0
        D:9 |    2843 |     487 |  14.6 |      14 |       4 |  22.2
       D:10 |    1828 |    1017 |  35.7 |      12 |       3 |  20.0
       D:11 |    4985 |    4950 |  49.8 |      18 |      20 |  52.6
       D:12 |    2573 |   10799 |  80.8 |       6 |      21 |  77.8
     Lair:1 |    2518 |    1659 |  39.7 |      11 |       8 |  42.1
     Lair:2 |    4040 |    2368 |  37.0 |      15 |       6 |  28.6
     Lair:3 |    8596 |    2763 |  24.3 |      31 |      10 |  24.4
     Lair:4 |    6386 |    1422 |  18.2 |      28 |       5 |  15.2
     Lair:5 |   20267 |   18565 |  47.8 |      49 |      61 |  55.5
      Orc:1 |    7155 |    1136 |  13.7 |      35 |      12 |  25.5
      Orc:2 |    3715 |    3892 |  51.2 |      35 |      10 |  22.2
      Sewer |       0 |     212 | 100.0 |       0 |      24 | 100.0
     Bailey |       0 |    1500 | 100.0 |       0 |      32 | 100.0
            +---------+---------+-------+---------+---------+-------
